 Dungeon Crawl Stone Soup version 0.28-a0-312-gbced6e68ee (webtiles) character file.

Game seed: 10335696406437938300

81 quinnr the Gusty (level 4, -1/24 HPs)
             Began as a Tengu Air Elementalist on Aug 31, 2021.
             Was a Follower of the Shining One.
             Killed from afar by Sigmund (8 damage)
             ... with a puff of flame
             ... on level 2 of the Dungeon.
             The game lasted 00:06:09 (2327 turns).

quinnr the Gusty (Tengu Air Elementalist)           Turns: 2327, Time: 00:06:09

Health: -1/24      AC:  2    Str:  8    XL:     4   Next: 40%
Magic:  9/9        EV: 12    Int: 17    God:    the Shining One [*.....]
Gold:   54         SH:  0    Dex: 14    Spells: 8/9 levels left

rFire   . . .      SeeInvis .   g - +2 dagger (venom)
rCold   . . .      Faith    .   (no shield)
rNeg    . . .      Spirit   .   a - +0 robe
rPois   .          Reflect  .   (helmet restricted)
rElec   .          Harm     .   (no cloak)
rCorr   .          Rampage  .   (no gloves)
Will    .....                   (boots unavailable)
Stlth   +.........              (no amulet)
HPRegen 0.08/turn               (no ring)
MPRegen 0.11/turn               (no ring)

@: glowing
A: beak, talons 3
a: Renounce Religion


You were on level 2 of the Dungeon.
You worshipped the Shining One.
The Shining One was aware of your devotion.
You visited 1 branch of the dungeon, and saw 2 of its levels.

You collected 54 gold pieces.

Inventory:

Hand Weapons
 g - a +2 dagger of venom (weapon)
Armour
 a - a +0 robe (worn)
Wands
 h - a wand of acid (8)
Scrolls
 b - 2 scrolls of identify {unknown}
 c - a scroll of immolation {unknown}
 d - a scroll of vulnerability {unknown}
Potions
 e - a potion of resistance {unknown}
 f - a potion of invisibility {unknown}
 i - a potion of lignification {unknown}


   Skills:
 - Level 2.1 Dodging
 - Level 2.0 Stealth
 - Level 3.0 Spellcasting
 - Level 1.3 Conjurations
 + Level 5.9 Air Magic


You had 8 spell levels left.
You knew the following spells:

 Your Spells              Type           Power      Damage    Failure   Level
a - Shock                 Conj/Air       56%        1d6       4%          1

Your spell library contained the following spells:

 Spells                   Type           Power      Damage    Failure   Level
 Swiftness                Air            22%        N/A       4%          3
 Static Discharge         Conj/Air       14%        N/A       6%          2
 Airstrike                Air            11%        N/A       16%         4
 Ozocubu's Armour         Ice            2%         N/A       45%         3
 Summon Cactus Giant      Summ           1%         N/A       99%         5
 Summon Forest            Summ/Tloc      1%         N/A       99%         5
 Summon Mana Viper        Hex/Summ       2%         N/A       99%         5
 Ozocubu's Refrigeration  Ice            1%         4d5       100%        7


Dungeon Overview and Level Annotations

Branches:
Dungeon (2/15)

Altars:
The Shining One

Shops:
D:1 (

Annotations:
D:2 Sigmund


Innate Abilities, Weirdness & Mutations

You have a beak for a mouth.
You have claws for feet.


Message History

The zap hits the hobgoblin.
You kill the hobgoblin!
Key pressed, stopping explore.
You can't see any susceptible monsters within range! (Use Z to cast anyway.)
h - a wand of acid (8)
You can't see any susceptible monsters within range! (Use Z to cast anyway.) Key pressed, stopping explore.
Found 10 arrows.
Key pressed, stopping explore.
i - a murky coppery potion A hobgoblin comes into view.
The hobgoblin shouts!
A hobgoblin is nearby!
The zap hits the hobgoblin.
The hobgoblin is moderately wounded.
The zap hits the hobgoblin.
You kill the hobgoblin!
Key pressed, stopping explore.
You can't see any susceptible monsters within range! (Use Z to cast anyway.)
Found 21 stones.
You can't see any susceptible monsters within range! (Use Z to cast anyway.) Sigmund the Dreaded comes into view.
He is wielding a +0 scythe.
Sigmund shouts!
Sigmund is nearby!
Sigmund is nearby!
The zap hits Sigmund.
Sigmund is lightly wounded.
Unknown command.
Sigmund gestures at you while chanting. The magic dart hits you!
You see here a hobgoblin corpse.
The zap hits Sigmund.
Sigmund is moderately wounded.
Unknown command.
Sigmund gestures at you while chanting. The puff of flame hits you!
* * * LOW HITPOINT WARNING * * *
Sigmund gestures at you while chanting. The puff of flame hits you!
You die...

.........#).....<.........
........##.<.#............
..........))).............
#........#.................
......................)....
###.........................
.............#............>
#.......#...#.........####
#.......#@###.#####...8.8.
#.............# ##......
#..........#### #......
#........#.## #......
#...........########...÷..
##..@#..#...........))).).
########.....#######..###...8.8.
#...##....#### ##.....######
#...†..#.## #####......#


You could see Sigmund.

Vanquished Creatures
  Robin (D:1)
  An adder (D:2)
  A dart slug (D:2)
  A bat (D:2)
  3 endoplasms
  3 giant cockroaches
  16 goblins
  12 hobgoblins
  A kobold (D:2)
  2 quokkas
  6 ball pythons
  2 rats (D:1)
49 creatures vanquished.

Notes
Turn   | Place    | Note
-------+----------+-------------------------------------------
     0 | D:1      | quinnr the Tengu Air Elementalist began the quest for the
                  | Orb.
     0 | D:1      | Reached XP level 1. HP: 10/10 MP: 4/4
   550 | D:1      | Reached XP level 2. HP: 15/15 MP: 4/6
   867 | D:1      | Found Finerrac's Weapon Shoppe.
   873 | D:1      | Found a faded altar of an unknown god.
  1008 | D:1      | Became a worshipper of the Shining One
  1008 | D:1      | Reached * piety under the Shining One
  1397 | D:2      | Reached XP level 3. HP: 19/19 MP: 3/7
  1450 | D:2      | Reached skill level 5 in Air Magic
  1565 | D:2      | Noticed Robin
  1652 | D:1      | Killed Robin
  1818 | D:2      | Reached XP level 4. HP: 24/24 MP: 2/9
  2307 | D:2      | Noticed Sigmund
  2327 | D:2      | Killed from afar by Sigmund

Illustrated notes

Levels and vault maps discovered:
D:1:      dpeg_arrival_tiny_a, layout_loops_ring, serial_shops, shop_fountains,
          ebering_ecumenical_altar_webs
D:2:      kennysheep_the_goblin_king, layout_rooms, uniq_robin, uniq_sigmund

Skill      XL: |  1  2  3 |
---------------+----------+-----
Air Magic      | 5 |  5.9
Spellcasting   | 3 |  3.0
Dodging        | |  2.1
Stealth        | |  2.0
Conjurations   | |  1.3

Action                   |  1- 3 |  4- 6 || total
-------------------------+-------+-------++-------
Melee: Unarmed           |     2 |       ||     2
       Kick              |     2 |       ||     2
       Peck              |     1 |       ||     1
 Cast: Shock             |    81 |    28 ||   109
Armor: Robe              |     5 |     2 ||     7
Dodge: Dodged            |    14 |     4 ||    18

Table legend: (Time is in decaauts)
 A = Elapsed time spent in this place.
 B = Non-inter-level travel time spent in this place.
 C = Inter-level travel time spent in this place.
 D = Time resting spent in this place.
 E = Time spent auto-exploring this place.
 F = Levels seen in this place.
 G = Mean time per level.
                   A        B        C        D        E       F      G
               +--------+--------+--------+--------+--------+-----+--------+
         Total |   2332 |   2256 |     76 |    230 |   1694 |   2 | 1166.0 |
       Dungeon |   2332 |   2256 |     76 |    230 |   1694 |   2 | 1166.0 |
               +--------+--------+--------+--------+--------+-----+--------+

Top non-repeatable levels by time:
     D:1: 1737 daAuts
     D:2: 595 daAuts
